 Dungeon Crawl Stone Soup version 0.23.0 (webtiles) character file.

Game seed: 11620826159136932332

331 Faca the Skirmisher (level 6, -1/41 HPs)
             Began as a Gargoyle Fighter on Feb 17, 2019.
             Was a Follower of Trog.
             Slain by a mummy (10 damage)
             ... in an ossuary.
             The game lasted 00:06:17 (2966 turns).

Faca the Skirmisher (Gargoyle Fighter)              Turns: 2966, Time: 00:06:18

Health: -1/41      AC: 13    Str: 22    XL:     6   Next: 52%
Magic:  6/6        EV:  5    Int:  8    God:    Trog [*.....]
Gold:   171        SH: 10    Dex:  9    Spells: 5/5 levels left

rFire    . . .     SeeInvis .   a - +0 flail
rCold    + . .     Gourm    .   c - +1 shield
rNeg     + . .     Faith    .   r - +0 chain mail
rPois    ∞         Spirit   .   (no helmet)
rElec    +         Reflect  .   (no cloak)
rCorr    .         Harm     .   (no gloves)
MR       .....                  (no boots)
Stlth    ..........             (no amulet)
HPRegen  0.13/turn              o - ring of protection from cold
MPRegen  0.10/turn              (no ring)

@: marked, berserk cooldown, slowed, very slow
A: negative energy resistance 1, electricity resistance, unbreathing,
petrification resistance, rot immunity, AC +4
a: Berserk, Renounce Religion


You were in an ossuary.
You worshipped Trog.
Trog was aware of your devotion.
You were very hungry.

You visited 1 branch of the dungeon, and saw 4 of its levels.
You also visited: Ossuary.

You collected 171 gold pieces.

Inventory:

Hand Weapons
 a - a +0 flail (weapon)
Missiles
 t - 3 throwing nets (quivered)
Armour
 c - a +1 shield (worn)
 r - a +0 chain mail (worn)
Jewellery
 o - a ring of protection from cold (left hand)
Scrolls
 k - a scroll of enchant armour
 l - a scroll of immolation {unknown}
 m - 2 scrolls of teleportation
 p - 2 scrolls of identify {unknown}
 s - a scroll of noise {unknown}
Potions
 b - a potion of degeneration {unknown}
 d - 4 potions of might
 e - a potion of mutation {unknown}
 g - 4 potions of invisibility {unknown}
 h - 2 potions of brilliance {unknown}
 i - 4 potions of curing {unknown}
 j - a potion of cancellation {unknown}
 n - a potion of lignification {unknown}
Comestibles
 f - 9 rations


   Skills:
 + Level 6.0 Fighting
 + Level 4.9 Maces & Flails
 - Level 3.2 Armour
 - Level 3.2 Shields


You had 5 spell levels left.
You didn't know any spells.
Your spell library was empty.

Dungeon Overview and Level Annotations

Branches:
Dungeon (4/15)
 Temple: D:4-7

Altars:
Trog
Beogh

Annotations:
D:3 3 runed translucent doors, Gadfly's ghost, amateur DrTm


Innate Abilities, Weirdness & Mutations

You are resistant to torment.
Your stone body is resilient. (AC +4)
You are immune to poison.
You resist negative energy. (rN+)
You are resistant to electric shocks. (rElec)
You can survive without breathing.
You are immune to petrification.
You are immune to rotting.


Message History

You thump the big kobold zombie!
The big kobold zombie is almost destroyed.
You are no longer berserk.
You are exhausted.
You feel yourself slow down.
The big kobold zombie hits you but does no damage.
The big kobold zombie fails to trigger a net trap.
You hit the mummy.
The mummy is lightly damaged.
The big kobold zombie fails to trigger a net trap.
You block the big kobold zombie's attack.
The big kobold zombie hits you but does no damage.
You barely miss the mummy.
The mummy is lightly damaged.
The big kobold zombie hits you.
* * * LOW HITPOINT WARNING * * *
The big kobold zombie fails to trigger a net trap.
The big kobold zombie hits you but does no damage.
The mummy hits you!
You die...

##.....
#.......
##...^.#
#.....Z.
##.^..Z#
#..^.ZZ.
##..^ZZ##
#..^^ZM@#
##.^..Z##
#.^...#
#.....#
#..∩..#
#.....#
#..∩..#
#.....#
#.....#


You could see a mummy, 4 big kobold zombies and 4 centaur zombies.

Vanquished Creatures
  An orc priest (D:3)
  2 orc wizards (D:3)
  A big kobold zombie (Ossuary)
  2 mummies (Ossuary)
  7 gnolls
  6 adders
  An ooze (D:3)
  A leopard gecko (D:3)
  17 orcs (D:3)
  5 giant cockroaches
  5 hobgoblins
  2 kobolds
  A quokka (D:3)
  2 ball pythons
  4 bats
  3 frilled lizards
  7 goblins
  11 rats
78 creatures vanquished.

Notes
Turn   | Place    | Note
-------+----------+-------------------------------------------
     0 | D:1      | Faca the Gargoyle Fighter began the quest for the Orb.
     0 | D:1      | Reached XP level 1. HP: 14/14 MP: 1/1
   301 | D:1      | Reached XP level 2. HP: 17/19 MP: 2/2
   833 | D:2      | Reached skill level 4 in Fighting
   833 | D:2      | Reached XP level 3. HP: 24/24 MP: 3/3
  1460 | D:3      | Reached XP level 4. HP: 30/30 MP: 4/4
  1677 | D:3      | Reached XP level 5. HP: 33/34 MP: 5/5
  1746 | D:3      | Reached skill level 5 in Fighting
  1964 | D:3      | Found a faded altar of an unknown god.
  1972 | D:3      | Became a worshipper of Trog the Wrathful
  1972 | D:3      | Reached * piety under Trog
  2277 | D:3      | Reached XP level 6. HP: 40/40 MP: 6/6
  2333 | D:3      | Found a runed translucent gate.
  2333 | D:3      | Found a runed translucent gate.
  2333 | D:3      | Found a runed translucent gate.
  2341 | D:3      | Found a roughly hewn altar of Beogh.
  2342 | D:3      | Noticed Gadfly's ghost (amateur DrTm)
  2917 | D:4      | Found a sand-covered staircase.
  2937 | Ossuary  | Entered an ossuary
  2962 | Ossuary  | Reached skill level 6 in Fighting
  2966 | Ossuary  | Slain by a mummy

Skill      XL: |  1  2  3  4  5  6 |
---------------+-------------------+-----
Fighting       | 4 5 6 |  6.0
Maces & Flails | 3 4 |  4.9
Armour         | |  3.2
Shields        | |  3.2

Action                   |  1- 3 |  4- 6 || total
-------------------------+-------+-------++-------
Melee: Flail             |   113 |   214 ||   327
Invok: Berserk           |       |     1 ||     1
  Use: Scroll            |     5 |       ||     5
  Eat: Chunk             |     2 |     5 ||     7
Armor: Scale mail        |    71 |       ||    71
       Chain mail        |     1 |   147 ||   148
Dodge: Dodged            |    46 |    42 ||    88
Block: Shield            |    65 |   141 ||   206
